 Dungeon Crawl Stone Soup version 0.13-a0-2538-gc238810 (webtiles) character file.

85 Psiweapon the Ruffian (level 3, -3/36 HPs)
             Began as a Troll Monk on July 28, 2013.
             Slain by an orc
             ... wielding a +0,+0 orcish flail
              (7 damage)
             ... on Level 3 of the Dungeon.
             The game lasted 00:05:25 (1629 turns).

Psiweapon the Ruffian (Troll Monk)                  Turns: 1629, Time: 00:05:25

HP  -3/36        AC  5     Str 20      XL: 3   Next: 96%
MP   1/1         EV 16     Int  6      God:
Gold 19          SH  0     Dex 17      Spells:  0 memorised,  2 levels left

Res.Fire  : . . .   See Invis. : .     - Unarmed
Res.Cold  : . . .   Warding    : .   a - +0 robe
Life Prot.: . . .   Conserve   : .   (shield restricted)
Res.Poison: .       Res.Corr.  : .   (helmet restricted)
Res.Elec. : .       Clarity    : .   (no cloak)
Sust.Abil.: . .     Spirit.Shd : .   (gloves unavailable)
Res.Mut.  : .       Stasis     : .   (boots unavailable)
Res.Rott. : .       Flight     : .   (no amulet)
Gourmand  : +                        (no ring)
                                     (no ring)

@: agile, not resistant to hostile enchantments, stealthy
A: unfitting armour, claws 3, fast metabolism 3, gourmand, regeneration 2,
saprovore 2, tough skin 2, AC +1
a: no special abilities


You were on level 3 of the Dungeon.
You were very full.

You visited 1 branch of the dungeon, and saw 3 of its levels.

You collected 19 gold pieces.

Inventory:

Hand weapons
 g - a +2,+2 spear
 m - a +2,+2 spear of freezing (quivered)
Armour
 a - a +0 robe (worn)
Comestibles
 b - 4 meat rations
 j - a bread ration
 p - an orange
Scrolls
 c - a scroll of fog {unknown}
 d - a scroll of identify {unknown}
 e - a scroll of fear {unknown}
 f - a scroll of curse jewellery {unknown}
 i - a scroll of enchant armour {unknown}
 k - a scroll of amnesia {unknown}
 l - a scroll of remove curse {unknown}
 n - a scroll of enchant weapon I {unknown}
 o - a scroll of teleportation {unknown}
Potions
 q - a potion of mutation {unknown}


   Skills:
 - Level 2.7 Fighting
 - Level 1.0 Throwing
 - Level 2.5 Dodging
 - Level 1.1 Stealth
 + Level 5.1 Unarmed Combat


You had 2 spell levels left.
You didn't know any spells.

Dungeon Overview and Level Annotations

Branches:
Dungeon (3/27)

Altars:


Innate Abilities, Weirdness & Mutations

You are too large for most types of armour.
You have claws for hands.
Your metabolism is lightning-fast.
You like to eat raw meat.
You heal very quickly.
You can eat rotten meat.
You are covered in fur (AC +1).
You have very tough skin (AC +2).


Message History

The orc priest calls down the wrath of Beogh upon you.
Something smites you! The orc barely misses you.
The orc wizard mumbles some strange words.
The orc wizard seems to speed up.
The adder closely misses you. The orc misses you.
Found a stone staircase leading up.
Things that are here:
an orcish club; a sling; an orc corpse You closely miss the orc.
The orc priest invokes the aid of Beogh against you.
Something smites you!
* * * LOW HITPOINT WARNING * * *
The orc barely misses you. The adder bites you.
* * * LOW HITPOINT WARNING * * *
Unknown command.
Drink which item? (? for menu, Esc to quit)
You feel more agile all of a sudden.
It was a potion of agility.
The adder misses you. The orc hits you with an orcish flail!
You die...

######## ......)# ##
.......# .<.. .......#
...# .......# ...
.).....###########s###..
................ooo......
...............)@So......
.....<>###########.##....
.......# # ########


You could see an orc priest, an orc wizard, an adder, 2 orcs and a giant
cockroach.

Vanquished Creatures
  An adder (D:2)
  A worm (D:3)
  5 giant geckos
  An orc (D:3)
  4 bats
  2 giant cockroaches (D:1)
  2 hobgoblins (D:1)
  8 jackals
  6 kobolds
  A ball python (D:2)
  5 giant newts (D:1)
  7 goblins
  A rat (D:1)
  A fungus (D:1)
45 creatures vanquished.

Notes
Turn   | Place    | Note
--------------------------------------------------------------
     0 | D:1      | Psiweapon, the Troll Monk, began the quest for the Orb.
     0 | D:1      | Reached XP level 1. HP: 20/20 MP: 0/0
   319 | D:1      | Reached XP level 2. HP: 28/28 MP: 0/0
  1011 | D:2      | Reached XP level 3. HP: 34/36 MP: 1/1
  1288 | D:2      | Reached skill level 1 in Throwing
  1597 | D:3      | Reached skill level 5 in Unarmed Combat
  1629 | D:3      | Slain by an orc

Action                   || total
-------------------------++-------
Melee: Unarmed           ||   101
Throw: Spear             ||     4
  Use: Potion            ||     1
 Stab: Sleeping          ||     1
